 Dungeon Crawl Stone Soup version 0.21.1-1-g345015f (webtiles) character file.

4523 HenkB the Cleaver (level 10, -4/90 HPs)
             Began as a Minotaur Fighter on July 23, 2018.
             Was a Believer of Okawaru.
             Slain by wojtek's ghost (8 damage)
             ... on level 9 of the Dungeon.
             The game lasted 00:52:30 (13054 turns).

HenkB the Cleaver (Minotaur Fighter)               Turns: 13054, Time: 00:52:31

Health: -4/90      AC:  9    Str: 21    XL:     10   Next: 17%
Magic:  9/9        EV:  9    Int:  5    God:    Okawaru [**....]
Gold:   205        SH:  0    Dex: 13    Spells: 9/9 levels left

rFire    + . .     SeeInvis .   w - +3 battleaxe
rCold    x . .     Gourm    .   (shield currently unavailable)
rNeg     . . .     Faith    .   b - +1 scale mail
rPois    .         Spirit   .   (helmet restricted)
rElec    .         Reflect  .   (no cloak)
rCorr    .         Harm     .   (no gloves)
MR       .....                  (no boots)
Stlth    ..........             (no amulet)
HPRegen  0.25/turn              v - ring of fire
MPRegen  0.11/turn              (no ring)

@: no status effects
A: retaliatory headbutt, horns 2
a: Heroism, Renounce Religion


You were on level 9 of the Dungeon.
You worshipped Okawaru.
Okawaru was pleased with you.
You were not hungry.

You visited 1 branch of the dungeon, and saw 9 of its levels.

You collected 625 gold pieces.
You spent 420 gold pieces at shops.

Inventory:

Hand Weapons
 a - a +1 war axe
 w - a +3 battleaxe (weapon)
Missiles
 g - 16 tomahawks (quivered)
Armour
 b - a +1 scale mail (worn)
 c - a +0 shield
 D - the +3 acid dragon scales of Fashionability {rC+ rN+++ rCorr Str-5 Stlth+}
   (You found it on level 9 of the Dungeon)

   It affects your strength (-5).
   It protects you from cold.
   It renders you almost immune to negative energy.
   It protects you from acid and corrosion.
   It makes you more stealthy.
Jewellery
 v - a ring of fire (left hand)
Wands
 d - a wand of acid (7)
 j - a wand of enslavement (3)
Scrolls
 e - 8 scrolls of enchant weapon
 i - a scroll of fear {unknown}
 l - 3 scrolls of enchant armour
 n - 3 scrolls of remove curse
 o - 7 scrolls of identify
 p - a scroll of magic mapping {unknown}
 r - 4 scrolls of blinking
 s - 2 scrolls of amnesia {unknown}
 t - a scroll of holy word {unknown}
 u - 3 scrolls of teleportation {unknown}
 x - a scroll of fog {unknown}
 y - a scroll of silence {unknown}
Potions
 h - 2 potions of flight
 k - 5 potions of curing
 m - 4 potions of invisibility
 z - 3 potions of heal wounds
 B - a potion of might
 C - a potion of haste
Books
 q - a book of Minor Magic

   Spells                             Type                      Level
   a - Magic Dart                     Conjuration                  1
   b - Blink                          Translocation                2
   c - Call Imp                       Summoning                    2
   d - Slow                           Hexes                        2
   e - Conjure Flame                  Conjuration/Fire             3
   f - Mephitic Cloud                 Conjuration/Poison/Air       3
Comestibles
 f - 18 rations
 A - 6 chunks of flesh


   Skills:
 + Level 8.8 Fighting
 * Level 11.3 Axes
 + Level 8.8 Armour
 + Level 8.8 Shields


You had 9 spell levels left.
You didn't know any spells.

Dungeon Overview and Level Annotations

Branches:
Dungeon (9/15)             Temple (0/1) D:6            Lair (0/6) D:8
    Orc: D:9-12

Altars:
Cheibriados
Dithmenos
Elyvilon
Gozag
Hepliaklqana
Kikubaaqudgha
Makhleb
Nemelex Xobeh
Okawaru
Ru
Trog
Uskayaw
Vehumet
Zin

Shops:
D:5 *   D:9 !

Annotations:
D:8 asishallab's ghost, novice HOMo
D:9 wojtek's ghost, novice MiFi


Innate Abilities, Weirdness & Mutations

You reflexively headbutt those who attack you in melee.
You have a pair of horns on your head.


Message History

You barely miss wojtek's ghost.
Wojtek's ghost is severely damaged.
Wojtek's ghost closely misses you.
You barely miss wojtek's ghost.
Wojtek's ghost is severely damaged.
Wojtek's ghost hits you but does no damage. x2
You hit wojtek's ghost.
Wojtek's ghost is almost destroyed.
Wojtek's ghost hits you but does no damage.
You hit wojtek's ghost but do no damage.
Wojtek's ghost is almost destroyed.
Wojtek's ghost hits you!
* * * LOW HITPOINT WARNING * * *
You hit wojtek's ghost but do no damage.
Your headbutt misses wojtek's ghost.
Wojtek's ghost is almost destroyed.
Wojtek's ghost hits you!
* * * LOW HITPOINT WARNING * * *
Wojtek's ghost hits you!
You die...

.[..#### #........#⌠≈≈#'#≈≈⌠#.#
....'..###........#≈≈≈≈≈≈≈≈≈#.###
....##..##........#≈≈≈###≈≈≈#....
....###.##........##≈##.##≈##.###
....# #.##.........#≈#._.#≈#..#
....# #.##........##≈##.##≈##.#
....# #..#).......#≈≈≈#≈#≈≈≈#.#
....# ##..........#≈≈≈≈≈≈≈≈≈#.#
....# ###......@.#⌠≈≈###≈≈⌠#.#
....# #####.##W#####.#####.#
..### #....(...........# 8#######
#######+############# .......#
#..........#
∩.8....####..........# ##########
.....(.##.'..........# #....[....
8......##.#..........# #.....<...
.......##.#........(.# #.........


You could see wojtek's ghost.

Vanquished Creatures
  The ghost of Rwicked the Digger, a novice GrEE of Vehumet (D:5)
  The ghost of Lucio the Slasher, a novice HaSk of Uskayaw (D:6)
  A hornet (D:8)
  Grinder (D:6)
  Sigmund (D:6)
  A spriggan (D:7)
  Edmund (D:4)
  An ice beast (D:6)
  A sky beast (D:7)
  A black bear (D:8)
  A phantom (D:5)
  An eye of draining (D:3)
  8 ogres
  3 centaurs
  A big kobold (D:8)
  Blork the orc (D:4)
  2 bullfrogs (D:9)
  3 scorpions (D:4)
  3 wights (D:8)
  2 howler monkeys
  A centaur zombie (D:5)
  2 orc priests
  A jelly (D:5)
  8 hounds
  3 orc wizards (D:8)
  Ijyb (D:4)
  A bullfrog skeleton (D:5)
  A human skeleton (D:9)
  4 iguanas
  6 worker ants
  A hound skeleton (D:4)
  A worker ant zombie (D:6)
  15 adders
  6 gnolls
  A shadow imp (D:7)
  2 oozes
  An adder zombie (D:5)
  7 worms
  2 dart slugs (D:1)
  7 leopard geckos
  24 orcs
  2 giant cockroaches
  11 goblins
  9 hobgoblins
  2 jackals (D:7)
  16 kobolds
  4 quokkas
  3 ball pythons
  5 bats
  5 frilled lizards
  A leopard gecko skeleton (D:5)
  9 rats
197 creatures vanquished.

Notes
Turn   | Place    | Note
-------+----------+-------------------------------------------
     0 | D:1      | HenkB the Minotaur Fighter began the quest for the Orb.
     0 | D:1      | Reached XP level 1. HP: 19/19 MP: 0/0
   433 | D:1      | Reached XP level 2. HP: 27/27 MP: 1/1
   841 | D:1      | Reached skill level 3 in Axes
  1045 | D:1      | Reached XP level 3. HP: 33/33 MP: 2/2
  1694 | D:2      | Reached XP level 4. HP: 36/40 MP: 3/3
  2003 | D:2      | Reached skill level 4 in Axes
  2281 | D:2      | Reached XP level 5. HP: 47/47 MP: 4/4
  2973 | D:3      | Noticed an eye of draining
  3015 | D:3      | Killed an eye of draining
  3102 | D:3      | Reached skill level 5 in Armour
  3666 | D:3      | Found a bloodstained altar of Trog.
  3671 | D:3      | Reached skill level 5 in Axes
  3671 | D:3      | Reached XP level 6. HP: 53/55 MP: 5/5
  4104 | D:3      | Reached skill level 5 in Fighting
  4675 | D:4      | Reached skill level 5 in Shields
  4864 | D:4      | Found a shadowy altar of Dithmenos.
  4885 | D:4      | Found an opulent altar of Gozag.
  4948 | D:4      | Found an ancient bone altar of Kikubaaqudgha.
  5229 | D:4      | Noticed Blork the orc
  5244 | D:4      | Killed Blork the orc
  5244 | D:4      | Reached XP level 7. HP: 31/61 MP: 6/6
  5245 | D:4      | Reached skill level 6 in Axes
  5380 | D:4      | Noticed Ijyb
  5410 | D:4      | Killed Ijyb
  5962 | D:4      | Noticed Edmund
  6026 | D:4      | Killed Edmund
  6026 | D:4      | Reached skill level 7 in Axes
  6246 | D:4      | Found a sacrificial altar of Ru.
  6318 | D:5      | Entered Level 5 of the Dungeon
  6475 | D:4      | Reached XP level 8. HP: 64/70 MP: 7/7
  6639 | D:5      | Found a burning altar of Makhleb.
  6836 | D:5      | Found a glowing silver altar of Zin.
  6839 | D:5      | Found Kiluoqarch's General Store.
  6971 | D:5      | Reached skill level 8 in Axes
  7074 | D:5      | Noticed Rwicked's ghost (novice GrEE)
  7735 | D:5      | Killed Rwicked's ghost
  7735 | D:5      | Reached skill level 9 in Axes
  8109 | D:5      | Reached XP level 9. HP: 79/79 MP: 8/8
  8200 | D:6      | Found an iron altar of Okawaru.
  8231 | D:6      | Became a worshipper of Warmaster Okawaru
  8307 | D:6      | Noticed Lucio's ghost (novice HaSk)
  8357 | D:6      | Killed Lucio's ghost
  8562 | D:6      | Noticed Grinder
  8563 | D:6      | Paralysed by Grinder for 3 turns
  8835 | D:6      | Paralysed by Grinder for 5 turns
  8847 | D:6      | Paralysed by Grinder for 4 turns
  8858 | D:6      | Killed Grinder
  9070 | D:6      | Found a staircase to the Ecumenical Temple.
  9147 | D:6      | Found a white marble altar of Elyvilon.
  9169 | D:6      | Reached skill level 10 in Axes
  9515 | D:6      | Noticed Sigmund
  9524 | D:6      | Killed Sigmund
  9524 | D:6      | Reached * piety under Okawaru
  9657 | D:6      | Found a sparkling altar of Nemelex Xobeh.
  9657 | D:6      | Found a hide-covered altar of Uskayaw.
  9774 | D:7      | Found a hazy altar of Hepliaklqana.
 10377 | D:8      | Found a staircase to the Lair.
 10394 | D:8      | Paralysed by a hornet for 3 turns
 10792 | D:8      | Reached ** piety under Okawaru
 10927 | D:8      | Noticed asishallab's ghost (novice HOMo)
 11315 | D:8      | Found a radiant altar of Vehumet.
 11496 | D:8      | Reached skill level 11 in Axes
 11496 | D:8      | Reached XP level 10. HP: 54/90 MP: 9/9
 12794 | D:9      | Found Neuckeb's Distillery.
 12806 | D:9      | Bought a potion of might for 56 gold pieces
 12806 | D:9      | Bought a potion of haste for 140 gold pieces
 12806 | D:9      | Bought 2 potions of invisibility for 224 gold pieces
 12814 | D:9      | Got jewelled acid dragon scales
 12825 | D:9      | Identified the +3 acid dragon scales of Fashionability {rC+ rN+++ rCorr Str-5 Stlth+} (You found it on level 9 of the Dungeon)
 12882 | D:9      | Found a snail-covered altar of Cheibriados.
 12994 | D:9      | Noticed wojtek's ghost (novice MiFi)
 13053 | D:9      | HP: 3/90 [wojtek's ghost (13)]
 13054 | D:9      | Slain by wojtek's ghost

Skill      XL: |  1  2  3  4  5  6  7  8  9 |
---------------+----------------------------+-----
Fighting       | 4 5 6 7 8 |  8.8
Axes           | 3 4 5 7 9 11 | 11.3
Armour         | 4 5 6 7 8 |  8.8
Shields        | 4 5 6 7 8 |  8.8

Action                   |  1- 3 |  4- 6 |  7- 9 | 10-12 || total
-------------------------+-------+-------+-------+-------++-------
Melee: War axe           |    72 |   171 |   244 |       ||   487
       Headbutt          |     9 |    39 |    60 |    11 ||   119
       Battleaxe         |       |       |    24 |    72 ||    96
Throw: Stone             |    48 |   103 |     1 |       ||   152
       Tomahawk          |       |       |    55 |    22 ||    77
  Use: Scroll            |     3 |     6 |     5 |       ||    14
       Potion            |       |     2 |     1 |       ||     3
  Eat: Chunk             |     3 |    11 |    16 |     5 ||    35
       Ration            |       |       |     1 |       ||     1
Armor: Scale mail        |    34 |    78 |    72 |    30 ||   214
Dodge: Dodged            |    18 |    33 |    62 |    24 ||   137
Block: Shield            |    40 |    81 |   121 |       ||   242
